 Dungeon Sprint DCSS version 0.30-a0-996-ga6910c8ee8 (webtiles) character file.

Game seed: 4115611348045122230

60 fozzywoppz the Trooper (level 3, -3/31 HPs)
             Began as a Demonspawn Monk on Apr 4, 2023.
             Was a Believer of Qazlal.
             Shot with a bolt by a yaktaur (9 damage)
             ... in the Dungeon (Sprint V: "Ziggurat Sprint").
             The game lasted 00:04:33 (180 turns).

fozzywoppz the Trooper (Demonspawn Monk)             Turns: 180, Time: 00:04:33

Health: -3/31      AC: 18    Str: 25    XL:     3   Next: 82%
Magic:  0/3        EV:  5    Int: 11    God:    Qazlal [**....]
Gold:   0          SH: 11    Dex: 15    Spells: 2/2 levels left

rFire   + . .      SeeInvis .      - Unarmed
rCold   + . .      Faith    .    b - +3 buckler
rNeg    . . .      Spirit   .    C - +5 gold dragon scales
rPois   +          Reflect  .    (no helmet)
rElec   .          Rampage  .    (no cloak)
rCorr   .          NoTele   +    (no gloves)
Will    .....                    (no boots) Stlth
                                 (no amulet)
HPRegen 0.25/turn                x - +6 ring of strength
MPRegen 0.08/turn                w - +6 ring of strength

@: no status effects
A: ignite blood 1, spiny 1
a: Renounce Religion, Upheaval


You were in the Dungeon.
You worshipped Qazlal.
Qazlal was pleased with you.
You visited 1 branch

Inventory:

Armour
 b - a +3 buckler (worn)
 B - a +3 tower shield
 C - +5 gold dragon scales (worn)
Jewellery
 r - a ring of flight
 s - a +6 ring of dexterity
 t - a +6 ring of dexterity
 v - a +6 ring of intelligence
 w - a +6 ring of strength (right hand)
 x - a +6 ring of strength (left hand)
Wands
 z - a wand of mindburst (7)
 A - a wand of light (7)
Scrolls
 a - a scroll of brand weapon
 h - 4 scrolls of blinking
 n - 4 scrolls of amnesia
 o - 7 scrolls of fog
 p - 5 scrolls of identify
 q - 2 scrolls of fear
Potions
 c - 10 potions of curing
 d - 10 potions of heal wounds
 e - 6 potions of haste
 f - 7 potions of magic
 g - 3 potions of berserk rage
 i - 2 potions of brilliance
 j - 2 potions of invisibility
 k - 4 potions of resistance
 l - a potion of experience
 m - 5 potions of might
Miscellaneous
 u - a box of beasts
 y - a lightning rod (4/4)


   Skills:
 + Level 4.4 Fighting
 + Level 2.7 Armour
 + Level 4.0 Dodging
 - Level 1.7 Stealth
 + Level 2.7 Shields
 + Level 4.0 Unarmed Combat


You had 2 spell levels left.
You didn't know any spells.
Your spell library was empty.

Dungeon Overview and Level Annotations

Branches:
Dungeon (1/1)

Altars:
Ashenzari
Cheibriados
Dithmenos
Fedhas
Gozag
Hepliaklqana
Kikubaaqudgha
Makhleb
Nemelex Xobeh
Okawaru
Qazlal
Ru
Sif Muna
Trog
Uskayaw
Vehumet
Wu Jian
Xom
Yredelemnul
Jiyva
Lugonu

Annotations:
D 1 transporter


Innate Abilities, Weirdness & Mutations

Your demonic aura sometimes causes spilled blood to erupt in flames.
You are partially covered in sharp spines.


Message History

The crimson imp barely misses you.
You hit the crimson imp.
You kill the crimson imp!
Qazlal accepts your kill.
Your Fighting skill increases to level 4!
Your Dodging skill increases to level 4!
Your Unarmed Combat skill increases to level 4!
You have reached level 3!
Your experience leads to an increase in your attributes!
Your base attributes are Str 11, Int 11, Dex 15.
Increase (S)trength, (I)ntelligence, or (D)exterity?
You feel stronger. x2; Your demonic ancestry asserts itself...
Your blood heats up.
Unknown command.
a - a scroll of brand weapon
Okay, then.
You see here a box of beasts.
u - a box of beasts
Okay, then.
There is a transporter here.
Welcome to arena 2.
You enter the transporter and appear at another place. 3 yaktaurs come into view.
The yaktaur shouts! x3
The yaktaur wields a +0 arbalest.
The yaktaur shoots a bolt.
The bolt hits you!!
Ouch! That really hurt!
* * * LOW HITPOINT WARNING * * *
The yaktaur wields a +0 arbalest.
The yaktaur shoots a bolt.
You block the bolt.
Found three items.
Found a transporter.
Aiming: Upheaval
Press: ? - help, Dir - move target, f - yaktaur
Aim: a yaktaur The ground shakes violently, spewing rubble!
The blast of rubble hits the yaktaur.
The yaktaur is lightly wounded.
The yaktaur wields a +0 arbalest.
The yaktaur shoots a bolt.
You block the bolt.
The yaktaur shoots a bolt.
The bolt hits you!
You die...

▓▓▓▓▓▓▓▓▓▓▓▓▓
▓.8©8.▓.8©8.▓
▓.c"c.▓.....▓
▓..c..▓.....▓
▓.....▓.....▓
▓.....▓.....▓
▓.....▓..©..▓
▓..@○.▓▓▓▓▓▓▓
▓▓▓▓▓▓▓


You could see 3 yaktaurs.

Vanquished Creatures
  A crimson imp (D)
  An iron imp (D)
2 creatures vanquished.

Notes
Turn   | Place    | Note
-------+----------+-------------------------------------------
     0 | D        | fozzywoppz the Demonspawn Monk began the quest for the Orb.
     0 | D        | Reached XP level 1. HP: 18/18 MP: 1/1
     0 | D        | Found a shimmering blue altar of Sif Muna.
     0 | D        | Found a sacrificial altar of Ru.
     0 | D        | Found a bloodstained altar of Trog.
     0 | D        | Found a stormy altar of Qazlal.
     0 | D        | Found an iron altar of Okawaru.
     0 | D        | Found a sparkling altar of Nemelex Xobeh.
     0 | D        | Found a blossoming altar of Fedhas.
     0 | D        | Found the +6 Majin-Bo {spellvamp, MP+6 Int+6}
     0 | D        | Found the +27 heavy crossbow "Sniper" {heavy, Acc+∞ SInv}
     0 | D        | Found the +10 dark maul {heavy}
     0 | D        | Found the +15 Maxwell's patent armour {-Cast -Tele rElec
                  | Will+ rCorr}
     0 | D        | Found the +18 shield of the Gong {Loud rN+ Will+ rCorr
                  | EV-5}
     0 | D        | Found the +16 obsidian axe {drain, demonic, Mesm Drain Fly
                  | SInv}
     0 | D        | Found the +7 great mace "Firestarter" {flame, inner flame,
                  | rFlCloud rF++}
     0 | D        | Found the +6 shillelagh "Devastator" {shatter}
     0 | D        | Found the +11 plutonium sword {Contam Stlth-}
     0 | D        | Found the +8 lance "Wyrmbane" {slay drac, rPois rF+ rC+
                  | AC+3}
     0 | D        | Found the +9 sword of Zonguldrok {reap}
     0 | D        | Found the +13 scythe of Curses {drain, curses, Drain}
     0 | D        | Found the +9 sword of Power {lifebolt}
     0 | D        | Found the +7 mace of Variability {chaos, chain chaos}
     0 | D        | Found the +11 Singing Sword {sonic wave}
     0 | D        | Found the +8 storm bow {elec, penet}
     2 | D        | Found a transporter.
     2 | D        | Found an ancient bone altar of Kikubaaqudgha.
     2 | D        | Found a viscous altar of Jiyva.
     2 | D        | Found a corrupted altar of Lugonu.
     2 | D        | Found a hazy altar of Hepliaklqana.
     2 | D        | Found a burning altar of Makhleb.
     2 | D        | Found an opulent altar of Gozag.
    82 | D        | Became a worshipper of Qazlal Stormbringer
    82 | D        | Reached * piety under Qazlal
    82 | D        | Reached ** piety under Qazlal
   153 | D        | Entered arena 2.
   153 | D        | Noticed an iron imp
   153 | D        | Noticed a crimson imp
   153 | D        | Found a transporter.
   158 | D        | Killed an iron imp
   159 | D        | Gained mutation: You are partially covered in sharp spines.
                  | [demonic ancestry]
   159 | D        | Reached XP level 2. HP: 25/25 MP: 2/2
   170 | D        | Killed a crimson imp
   171 | D        | Gained mutation: Your demonic aura sometimes causes spilled
                  | blood to erupt in flames. [demonic ancestry]
   171 | D        | Reached XP level 3. HP: 31/31 MP: 3/3
   179 | D        | Entered arena 3.
   179 | D        | Noticed a yaktaur
   179 | D        | Noticed a yaktaur
   179 | D        | Noticed a yaktaur
   179 | D        | Found a transporter.
   180 | D        | Shot with a bolt by a yaktaur

Illustrated notes

Levels and vault maps discovered:
D:        sprint_v [room_start, room_1, room_2, room_3, room_4, room_5, room_6,
          room_7, room_8, room_9, room_10, room_11, room_12, room_13, room_14,
          room_15, room_16, room_17, room_18, room_19, room_20, room_21,
          room_22, room_23, room_24, room_25, room_26, room_27]

Skill      XL: |  1  2 |
---------------+-------+-----
Armour         | 2 |  2.7
Dodging        | 3 4 |  4.0
Shields        | 2 |  2.7
Unarmed Combat | 3 4 |  4.0
Fighting       | 4 |  4.4
Stealth        | |  1.7

Action                     || total
---------------------------++-------
  Melee: Unarmed           ||    13
 Invoke: Upheaval          ||     1
 Armour: Gold dragon scale ||     7
  Dodge: Dodged            ||     2
  Block: Buckler           ||     4

Table legend: (Time is in decaauts)
 A = Elapsed time spent in this place.
 B = Non-inter-level travel time spent in this place.
 C = Inter-level travel time spent in this place.
 D = Time resting spent in this place.
 E = Time spent auto-exploring this place.
 F = Levels seen in this place.
 G = Mean time per level.
                   A        B        C        D        E       F      G
               +--------+--------+--------+--------+--------+-----+--------+
         Total |    177 |    177 |      0 |      0 |      0 |   1 |  177.0 |
       Dungeon |    177 |    177 |      0 |      0 |      0 |   1 |  177.0 |
               +--------+--------+--------+--------+--------+-----+--------+

Top non-repeatable levels by time:
       D: 177 daAuts
